 Dungeon Crawl Stone Soup version 0.18.1-50-g88ac8fd (webtiles) character file.

135 magog001 the Vandal (level 4, -4/37 HPs)
             Began as a Minotaur Hunter on Apr 28, 2017.
             Killed from afar by an orc wizard (12 damage)
             ... with a magic dart
             ... on level 3 of the Dungeon.
             The game lasted 00:10:18 (1487 turns).

magog001 the Vandal (Minotaur Hunter)               Turns: 1487, Time: 00:10:19

Health: -4/37      AC:  3    Str: 17    XL:     4   Next: 97%
Magic:  3/3        EV: 12    Int:  8    God:
Gold:   147        SH:  0    Dex: 11    Spells: 0 memorised, 3 levels left

rFire  . . .     SeeInvis .     b - +0 short sword
rCold  . . .     Gourm    .     c - +0 leather armour
rNeg   . . .     Faith    .     (no shield)
rPois  .         Spirit   .     (helmet restricted)
rElec  .         Dismiss  .     (no cloak)
rCorr  .         Reflect  .     (no gloves)
SustAt .         Harm     .     (no boots)
MR     .....                    (no amulet)
Stlth  +.........               (no ring)
                                (no ring)

@: not resistant to hostile enchantments, very unstealthy
A: retaliatory headbutt, horns 2
a: no special abilities


You were on level 3 of the Dungeon.
You were hungry.

You visited 1 branch of the dungeon, and saw 3 of its levels.

You collected 147 gold pieces.

Inventory:

Hand Weapons
 a - a +1 hunting sling
 b - a +0 short sword (weapon)
Missiles
 d - 4 sling bullets
 k - 77 stones (quivered)
 o - 19 poisoned needles
Armour
 c - a +0 leather armour (worn)
 e - a +0 robe of magic resistance
Jewellery
 n - a +2 ring of intelligence {unknown}
Scrolls
 h - 4 scrolls of identify {unknown}
 l - a scroll of random uselessness {unknown}
 p - a scroll of fog {unknown}
Potions
 j - a potion of agility {unknown}
Comestibles
 f - a bread ration
 g - 9 chunks of flesh
 i - a meat ration


   Skills:
 + Level 2.7 Fighting
 + Level 6.4 Slings
 + Level 0.5 Armour
 + Level 2.9 Dodging
 + Level 1.0 Stealth


You had 3 spell levels left.
You didn't know any spells.

Dungeon Overview and Level Annotations

Branches:
Dungeon (3/15)

Altars:
Ru


Innate Abilities, Weirdness & Mutations

You reflexively headbutt those who attack you in melee.
You have a pair of horns on your head.


Message History

You hit the orc but do no damage. You headbutt the orc, but do no damage.
The orc hits you with a whip of holy wrath.
You barely miss the orc. You headbutt the orc, but do no damage.
The orc hits you with a whip of holy wrath.
* * * LOW HITPOINT WARNING * * *
You hit the orc.
The orc is heavily wounded.
The orc hits you but does no damage.
You miss something.
The orc throws a tomahawk.
The tomahawk barely misses you. Something hits you.
* * * LOW HITPOINT WARNING * * *
You barely miss something. Something hits you.
* * * LOW HITPOINT WARNING * * *
You closely miss something. Something hits you.
* * * LOW HITPOINT WARNING * * *
You hit something but do no damage.
You hear some strange, mumbled words.
A magic dart appears from out of thin air!
The magic dart hits you!
You die...

..# ..############
.............)
..####.###########
..####........(..#
....##...........# #
###.##...........# #.# #
#.##...........# g.
###.##..........@#####>##.#.
....##.##########)go((((....
######.# #o####(##.## # #.
#.# # # #. #.# # #.# # #.#
..# ..#


You could see 2 orcs and a hobgoblin.

Vanquished Creatures
  Jessica (D:2)
  An orc wizard (D:3)
  Ijyb (D:2)
  An adder (D:3)
  An ooze (D:1)
  2 worms (D:2)
  A dart slug (D:1)
  2 orcs (D:3)
  A giant cockroach (D:1)
  8 hobgoblins
  2 jackals (D:2)
  3 kobolds
  5 bats
  2 giant newts
  4 goblins
  5 rats
40 creatures vanquished.

Notes
Turn   | Place    | Note
--------------------------------------------------------------
     0 | D:1      | magog001 the Minotaur Hunter began the quest for the Orb.
     0 | D:1      | Reached XP level 1. HP: 18/18 MP: 0/0
   116 | D:2      | Reached XP level 2. HP: 25/25 MP: 1/1
   133 | D:2      | Found a sacrificial altar of Ru.
   190 | D:2      | Reached skill level 5 in Slings
   728 | D:1      | Reached XP level 3. HP: 29/30 MP: 2/2
   761 | D:2      | Noticed Jessica
   765 | D:2      | Killed Jessica
   928 | D:2      | Noticed Ijyb
   939 | D:2      | Killed Ijyb
   939 | D:2      | Reached XP level 4. HP: 36/37 MP: 3/3
  1002 | D:2      | Reached skill level 6 in Slings
  1466 | D:3      | Reached skill level 1 in Stealth
  1476 | D:3      | HP: 1/37 [orc/flail (5)]
  1487 | D:3      | Killed from afar by an orc wizard

Skill      XL: |  1  2  3  4 |
---------------+-------------+-----
Slings         | 5 6 |  6.4
Stealth        | 1 |  1.0
Fighting       | |  2.7
Armour         | |  0.5
Dodging        | |  2.9

Action                   |  1- 3 |  4- 6 || total
-------------------------+-------+-------++-------
Melee: Short sword       |       |    17 ||    17
       Headbutt          |       |     3 ||     3
 Fire: Hunting sling     |    88 |    34 ||   122
  Use: Potion            |       |     2 ||     2
  Eat: Chunk             |       |     1 ||     1
Armor: Leather armour    |     9 |     2 ||    11
Dodge: Dodged            |    25 |    17 ||    42
